 Dungeon Crawl Stone Soup version 0.16.1-16-gc44b35d (webtiles) character file.

135 Zwobot the Shooter (level 4, -4/35 HPs)
             Began as a Demigod Wanderer on Apr 17, 2015.
             Slain by an iguana (5 damage)
             ... on level 4 of the Dungeon.
             The game lasted 00:10:38 (3651 turns).

Zwobot the Shooter (Demigod Wanderer)               Turns: 3651, Time: 00:10:39

Health: -4/35      AC:  5    Str: 15    XL:     4   Next: 65%
Magic:  9/9        EV: 11    Int: 17    God:
Gold:   127        SH:  4    Dex: 16    Spells: 0 memorised, 6 levels left

rFire  . . .     SeeInvis .     B - +0 rapier
rCold  . . .     Clarity  .     b - +0 ring mail
rNeg   . . .     SustAb   +     c - +0 buckler
rPois  .         Gourm    .     (no helmet)
rElec  .         Spirit   .     (no cloak)
rCorr  .         Warding  .     (no gloves)
rMut   .         Stasis   .     (no boots)
MR     .....                    (no amulet)
Stlth  +.........               (no ring)
                                (no ring)

@: lethally poisoned (-4 -> -5), not resistant to hostile enchantments, very
unstealthy
A: sustain abilities
a: no special abilities


You were on level 4 of the Dungeon.
You were not hungry.

You visited 1 branch of the dungeon, and saw 4 of its levels.

You collected 127 gold pieces.

Inventory:

Hand weapons
 d - a +0 dagger
 j - a +0 short sword
 y - a +0 war axe
 B - a +0 rapier (weapon)
Missiles
 z - 5 javelins (quivered)
Armour
 b - a +0 ring mail (worn)
 c - a +0 buckler (worn)
 e - a +0 buckler
 g - a +0 shield
Magical devices
 m - a wand of random effects (29)
 q - a wand of frost (25)
 D - a wand of magic darts (28)
Scrolls
 h - 4 scrolls of teleportation
 i - 3 scrolls of remove curse
 k - a scroll of amnesia {unknown}
 n - a scroll of recharging {unknown}
 r - 2 scrolls of blinking {unknown}
 v - 2 scrolls of identify {unknown}
 w - 2 scrolls of magic mapping {unknown}
Potions
 l - a potion of haste {unknown}
 o - a potion of magic {unknown}
 t - 2 potions of cure mutation
 x - a potion of brilliance {unknown}
Books
 a - a book of Flames

   Spells                             Type                      Level
   a - Flame Tongue                   Conjuration/Fire             1
   b - Throw Flame                    Conjuration/Fire             2
   c - Conjure Flame                  Conjuration/Fire             3
   d - Inner Flame                    Hexes/Fire                   3
   e - Sticky Flame                   Conjuration/Fire             4
   f - Fireball                       Conjuration/Fire             5
Comestibles
 f - 3 bread rations
 p - 2 fruits
 s - a royal jelly
 u - a meat ration
 A - 2 chunks of flesh
 C - a slice of pizza


   Skills:
 + Level 1.5 Fighting
 + Level 0.8 Short Blades
   Level 2.6 Bows
 + Level 2.3 Armour
 + Level 2.2 Dodging
 + Level 0.4 Stealth
 + Level 2.0 Shields
 - Level 1.7 Spellcasting
   Level 1.0 Fire Magic
 + Level 1.0 Evocations


You had 6 spell levels left.
You didn't know any spells.

Dungeon Overview and Level Annotations

Branches:
Dungeon (4/15)
 Temple: D:4-7


Innate Abilities, Weirdness & Mutations

Your attributes are resistant to harm.


Message History

You feel sick. The adder completely misses you. The adder closely misses you.
You feel sick. The adder barely misses you. The adder completely misses you.
You feel sick. The adder bites you but does no damage.
The adder bites you but does no damage.
You feel sick. The adder barely misses you.
You feel sick.
Read which item? (? for menu, Esc to quit)
Okay, then.
Drink which item? (? for menu, Esc to quit)
Okay, then.
You hit the iguana but do no damage.
The iguana is heavily wounded.
The iguana bites you!
* * * LOW HITPOINT WARNING * * *
Drink which item? (? for menu, Esc to quit)
It was a potion of cure mutation.
It has a very clean taste.
The iguana bites you.
You die...

....................#
........(............#
.<....................#### ##
..........................###.
...........(.............##.[..
...........................#####
.............###S...........#
............## #l##..........#
............# #@###..........#
...........## #..##..........###
.........####################....
.................. #....
.........#...#...# #....
................. #....
.........#...#... #....
................ #...#
.......####### #....


You could see an iguana and an adder.

Vanquished Creatures
  An orc wizard (D:3)
  4 adders
  2 worms
  A giant gecko (D:2)
  3 orcs (D:3)
  18 bats
  4 giant cockroaches
  3 goblins
  7 hobgoblins
  2 jackals (D:1)
  8 kobolds
  A ball python skeleton (D:4)
  2 giant newts (D:1)
  8 rats
64 creatures vanquished.

Notes
Turn   | Place    | Note
--------------------------------------------------------------
     0 | D:1      | Zwobot, the Demigod Wanderer, began the quest for the Orb.
     0 | D:1      | Zwobot set off with: a book of Flames, a +0 ring mail, a +0 buckler, a +0 dagger, a bread ration
     0 | D:1      | Reached XP level 1. HP: 16/16 MP: 3/3
   412 | D:1      | Reached XP level 2. HP: 18/23 MP: 4/4
   973 | D:2      | Found an opulent altar of Gozag.
   978 | D:2      | Found a deep blue altar of Sif Muna.
   979 | D:2      | Found a shadowy altar of Dithmenos.
   991 | D:2      | Found an iron altar of Okawaru.
  1101 | D:2      | Reached XP level 3. HP: 26/28 MP: 7/7
  1346 | D:2      | Reached skill level 1 in Dodging
  1990 | D:3      | Found a shimmering altar of Xom.
  2240 | D:3      | Reached XP level 4. HP: 35/35 MP: 9/9
  3650 | D:4      | HP: 1/35 [iguana (9)]
  3651 | D:4      | Slain by an iguana

Action                   |  1- 3 |  4- 6 || total
-------------------------+-------+-------++-------
Melee: Dagger            |   150 |       ||   150
       Short sword       |   107 |    89 ||   196
       Rapier            |       |    75 ||    75
  Use: Scroll            |     4 |       ||     4
       Potion            |       |     1 ||     1
  Eat: Chunk             |     2 |     4 ||     6
       Pizza             |     1 |       ||     1
       Fruit             |       |     2 ||     2
